 Dungeon Crawl Stone Soup version 0.30.1-9-gdf580d7c3d (webtiles) character file.

Game seed: 16524319975626197945

1855725 rddays123 the Conqueror (level 27, 218/218 HPs)
             Began as a Minotaur Fighter on Sept 23, 2023.
             Was an Elder of Okawaru.
             Escaped with the Orb
             ... and 3 runes on Sept 26, 2023!
             The game lasted 03:57:09 (58032 turns).

rddays123 the Conqueror (Minotaur Fighter)         Turns: 58032, Time: 03:57:10

Health: 218/218    AC: 59    Str: 49    XL:     27
Magic:  31/31      EV: 19    Int:  4    God:    Okawaru [****..]
Gold:   8010       SH: 16    Dex: 14    Spells: 26/26 levels left

rFire   . . .        v - +3 war axe of Bodily Humours {vamp, rElec rPois rF- rN+++}
rCold   + . .        s - +0 kite shield "Suimiwas" {Regen+ Dex+2}
rNeg    + + +        C - +17 crystal plate armour of Isojir {Str+3}
rPois   +            S - +2 hood of the Assassin {Detect Stab+ Stlth++}
rElec   +            X - +2 cloak {Will+}
rCorr   .            k - +0 pair of gloves "Earthly Heaven" {rElec Int+2 Dex+4}
SInv    .            i - +1 pair of boots of the Old and Reckless {rPois}
Will    ++++.        w - amulet of faith Stlth
                     G - ring "Zeicup" {Contam rF+ rC+ Str+7 Int-3}
HPRegen 1.36/turn    p - ring of Brilliance {Will+ Str+6 Slay+3}
MPRegen 0.22/turn

%: faith
@: flying
A: horns 2, retaliatory headbutt, clumsy 2, frail 2, low MP 1, screaming 1,
inhibited regeneration, inability to read after injury 1
0: Orb of Zot
}: 3/15 runes: decaying, serpentine, silver
a: Renounce Religion, Heroism, Finesse


You escaped.
You worshipped Okawaru.
Okawaru was greatly pleased with you.
You visited 11 branches of the dungeon, and saw 49 of its levels.
You visited the Abyss 1 time.
You also visited: Ice Cave and Wizlab.

You collected 9799 gold pieces.
You spent 1789 gold pieces at shops.

Inventory:

Hand Weapons
 g - a +1 spectral demon trident
 n - the +11 broad axe "Coloc" {freeze, Str+3}
   (You took it off a deep elf demonologist on level 3 of the Elven Halls)

   Str:       It affects your strength (+3).
 v - the +3 war axe of Bodily Humours (weapon) {vamp, rElec rPois rF- rN+++}
   (Okawaru gifted it to you on level 2 of the Realm of Zot)

   rF:        It makes you vulnerable to fire.
   rElec:     It insulates you from electricity.
   rPois:     It protects you from poison.
   rN:        It renders you almost immune to negative energy.
Missiles
 l - 17 silver javelins (quivered)
 Z - 15 javelins
Armour
 c - the +0 pair of gloves of the Hunter {Will+}
   (Okawaru gifted it to you on level 3 of the Swamp)

   Will:      It increases your willpower.
 i - the +1 pair of boots of the Old and Reckless (worn) {rPois}
   (You acquired it on level 9 of the Dungeon)

   rPois:     It protects you from poison.
 k - the +0 pair of gloves "Earthly Heaven" (worn) {rElec Int+2 Dex+4}
   (You acquired it on level 4 of the Lair of Beasts)

   Int:       It affects your intelligence (+2).
   Dex:       It affects your dexterity (+4).
   rElec:     It insulates you from electricity.
 m - the +9 tower shield "Dapecergh" {Dex+3}
   (You found it on level 5 of the Vaults)

   Dex:       It affects your dexterity (+3).
 q - a scarf of resistance
 s - the +0 kite shield "Suimiwas" (worn) {Regen+ Dex+2}
   (You acquired it on level 2 of the Lair of Beasts)

   Dex:       It affects your dexterity (+2).
   Regen:     It increases your rate of health regeneration.
 C - the +17 crystal plate armour of Isojir (worn) {Str+3}
   (Okawaru gifted it to you on level 1 of the Lair of Beasts)

   Str:       It affects your strength (+3).
 K - a +1 kite shield of fire resistance
 R - the +0 shadow dragon scales of Sorcery {Str+4 Dex+3 SInv Stlth++++}
   (You took it off a rakshasa on level 3 of the Depths)

   Str:       It affects your strength (+4).
   Dex:       It affects your dexterity (+3).
   SInv:      It lets you see invisible.
   Stlth:     It makes you much more stealthy.
 S - the +2 hood of the Assassin (worn) {Detect Stab+ Stlth++}
   (You found it on level 3 of the Depths)

   Detect:    It allows the wearer to sense nearby creatures.
   Stab+:     It allows the wearer to make particularly effective stabbing
   attacks against helpless or unaware enemies with any weapon.
   Stlth:     It makes you much more stealthy.
 V - the +3 crown of Dyrovepreva {rElec Int+2 SInv}
   (Okawaru gifted it to you on level 4 of the Depths)

   Int:       It affects your intelligence (+2).
   rElec:     It insulates you from electricity.
   SInv:      It lets you see invisible.
 X - a +2 cloak of willpower (worn)
Jewellery
 f - a ring of protection from cold
 j - a ring of positive energy
 p - the ring of Brilliance (right hand) {Will+ Str+6 Slay+3}
   (You took it off a draconian annihilator on level 3 of the Realm of Zot)

   [ring of strength]

   Str:       It affects your strength (+6).
   Slay:      It affects your accuracy & damage with ranged weapons and melee
   (+3).
   Will:      It increases your willpower.
 w - an amulet of faith (around neck)
 z - the ring "Jideash" {rC+ Will+ Slay+2}
   (You acquired it on level 2 of the Lair of Beasts)

   [ring of willpower]

   Slay:      It affects your accuracy & damage with ranged weapons and melee
   (+2).
   rC:        It protects you from cold.
   Will:      It increases your willpower.
 B - a ring of flight
 G - the ring "Zeicup" (left hand) {Contam rF+ rC+ Str+7 Int-3}
   (You took it off a deep elf sorcerer on level 3 of the Elven Halls)

   [ring of protection from fire]

   Str:       It affects your strength (+7).
   Int:       It affects your intelligence (-3).
   rF:        It protects you from fire.
   rC:        It protects you from cold.
   Contam:    It causes magical contamination when unequipped.
 Q - a ring of protection from fire
 T - a ring of resist corrosion
 U - a +6 ring of intelligence
Wands
 t - a wand of digging (21)
 H - a wand of roots (87)
 O - a wand of flame (87)
 P - a wand of polymorph (18)
Scrolls
 a - 2 scrolls of brand weapon
 r - 7 scrolls of blinking
 u - 14 scrolls of teleportation
 x - a scroll of silence
 y - 14 scrolls of fear
 F - 10 scrolls of fog
 J - 11 scrolls of enchant armour
 W - a scroll of magic mapping
Potions
 b - 6 potions of mutation
 d - 4 potions of might
 e - 12 potions of invisibility
 h - 6 potions of flight
 o - 31 potions of curing
 A - 12 potions of ambrosia
 D - 10 potions of lignification
 E - 19 potions of brilliance
 I - 2 potions of haste
 L - 3 potions of berserk rage
 M - 3 potions of resistance
 N - 9 potions of cancellation
 Y - 4 potions of heal wounds


   Skills:
 O Level 27 Fighting
 + Level 18.5 Axes
 - Level 9.0 Throwing
 + Level 26.4 Armour
 + Level 23.3 Dodging
 + Level 22.0 Shields
 - Level 18.7 Invocations


You had 26 spell levels left.
You didn't know any spells.
Your spell library contained the following spells:

 Spells                   Type           Power      Damage    Failure   Level
 Beastly Appendage        Tmut           0%         N/A       88%         1
 Foxfire                  Conj/Fire      0%         2x1d4     88%         1
 Freeze                   Ice            0%         1d3       88%         1
 Kiss of Death            Conj/Necr      0%         2d5       88%         1
 Magic Dart               Conj           0%         1d3       88%         1
 Sting                    Tmut/Pois      0%         1d3       88%         1
 Cigotuvi's Dreadful Rot  Necr/Pois/Air  0%         N/A       95%         2
 Ensorcelled Hibernation  Hex/Ice        0%         N/A       95%         2
 Lesser Beckoning         Tloc           0%         N/A       95%         2
 Momentum Strike          Conj/Tloc      0%         3d8       95%         2
 Passwall                 Tmut/Erth      0%         N/A       95%         2
 Poisonous Vapours        Pois/Air       0%         N/A       95%         2
 Scorch                   Fire           0%         2d5       95%         2
 Searing Ray              Conj           0%         2d4       95%         2
 Static Discharge         Conj/Air       0%         2-2/arc   95%         2
 Sublimation of Blood     Necr           0%         N/A       95%         2
 Wereblood                Tmut           0%         N/A       95%         2
 Confusing Touch          Hex            0%         N/A       99%         3
 Dazzling Flash           Conj/Hex       0%         N/A       99%         3
 Frozen Ramparts          Ice            0%         1d1       99%         3
 Gell's Gravitas          Tloc           0%         N/A       99%         3
 Hailstorm                Conj/Ice       0%         3d3       99%         3
 Ignite Poison            Fire/Tmut/Pois 0%         N/A       99%         3
 Inner Flame              Hex/Fire       0%         N/A       99%         3
 Mephitic Cloud           Conj/Pois/Air  0%         N/A       99%         3
 Ozocubu's Armour         Ice            0%         N/A       99%         3
 Spider Form              Tmut/Pois      0%         N/A       99%         3
 Swiftness                Air            0%         N/A       99%         3
 Teleport Other           Tloc           0%         N/A       99%         3
 Volatile Blastmotes      Fire/Tloc      0%         2d10      99%         3
 Airstrike                Air            0%         2d(0-16)  100%        4
 Dispel Undead            Necr           0%         3d6       100%        4
 Flame Wave               Conj/Fire      0%         2d4       100%        4
 Fulminant Prism          Conj/Hex       0%         3d5       100%        4
 Iskenderun's Mystic Bla  Conj/Tloc      0%         2d3       100%        4
 Olgreb's Toxic Radiance  Pois           0%         N/A       100%        4
 Petrify                  Tmut/Erth      0%         N/A       100%        4
 Sticky Flame             Conj/Fire      0%         2d3       100%        4
 Borgnjor's Vile Clutch   Necr/Erth      0%         N/A       100%        5
 Fireball                 Conj/Fire      0%         3d3       100%        5
 Freezing Cloud           Conj/Ice/Air   0%         6-21      100%        5
 Irradiate                Conj/Tmut      0%         3d11      100%        5
 Metabolic Englaciation   Hex/Ice        0%         N/A       100%        5
 Yara's Violent Unravell  Hex/Tmut       0%         3d3       100%        5
 Conjure Ball Lightning   Conj/Air       0%         3x3d6     100%        6
 Dispersal                Tloc           0%         N/A       100%        6
 Eringya's Noxious Bog    Tmut/Pois      0%         N/A       100%        6
 Iron Shot                Conj/Erth      0%         9d1       100%        6
 Plasma Beam              Fire/Air       0%         2x1d11    100%        6
 Starburst                Conj/Fire      0%         6d3       100%        6
 Enfeeble                 Hex            0%         N/A       100%        7
 Orb of Destruction       Conj           0%         9d5       100%        7
 Ozocubu's Refrigeration  Ice            0%         4d7       100%        7
 Storm Form               Tmut/Air       0%         N/A       100%        7
 Borgnjor's Revivificati  Necr           0%         N/A       100%        8
 Ignition                 Fire           0%         3d3       100%        8
 Maxwell's Capacitive Co  Air            0%         ∞         100%        8
 Necromutation            Tmut/Necr      0%         N/A       100%        8
 Chain Lightning          Conj/Air       0%         N/A       100%        9
 Death's Door             Necr           0%         N/A       100%        9
 Fire Storm               Conj/Fire      0%         5d1       100%        9
 Shatter                  Erth           0%         3d5*      100%        9
 Call Imp                 Summ           Unusable   N/A       N/A         2
 Summon Guardian Golem    Hex/Summ       Unusable   N/A       N/A         3
 Animate Armour           Summ/Erth      Unusable   N/A       N/A         4
 Summon Lightning Spire   Summ/Air       Unusable   N/A       N/A         4
 Summon Forest            Summ/Tloc      Unusable   N/A       N/A         5
 Death Channel            Necr           Unusable   N/A       N/A         6
 Simulacrum               Ice/Necr       Unusable   N/A       N/A         6
 Summon Cactus Giant      Summ           Unusable   N/A       N/A         6
 Spellforged Servitor     Conj/Summ      Unusable   N/A       N/A         7
 Summon Hydra             Summ           Unusable   N/A       N/A         7

Dungeon Overview and Level Annotations

Branches:
Dungeon (15/15)            Temple (1/1) D:5            Lair (5/5) D:10
  Swamp (4/4) Lair:2        Snake (4/4) Lair:2        Slime (0/5) Lair:4
    Orc (2/2) D:9             Elf (3/3) Orc:2        Vaults (5/5) D:14
  Crypt (0/3) Vaults:3     Depths (4/4) D:15           Hell (visited)
    Dis (0/7) Hell            Geh (0/7) Hell            Coc (0/7) Hell
    Tar (0/7) Hell            Zot (5/5) Depths:4      IceCv (visited)
 WizLab (visited)

Altars:
Ashenzari
Cheibriados
Dithmenos
Elyvilon
Fedhas
Gozag
Hepliaklqana
Kikubaaqudgha
Makhleb
Nemelex Xobeh
Okawaru
Qazlal
Ru
Sif Muna
Trog
Uskayaw
Vehumet
Wu Jian
Xom
Yredelemnul
Zin
The Shining One
Jiyva
Lugonu

Shops:
D:5 =   D:6 *   D:13 [   Orc:2 [!(*   Snake:1 [   Snake:3 !   Vaults:1 !
Depths:1 *

Portals:
Hell: Depths:1 Depths:2 Depths:3 Depths:4
Abyss: Lair:5 Depths:3
Pandemonium: Depths:2
Ziggurat: Depths:2

Annotations:
D:7 2 transporters, Athletesfoot's ghost, novice MiFi
Lair:1 exclusion: 3 oklob plants
Swamp:1 2 transporters, exclusion: obsidian statue
Zot:3 2 transporters


Innate Abilities, Weirdness & Mutations

You have a pair of horns on your head.
You reflexively headbutt those who attack you in melee.
You are very clumsy. (Dex -4)
You are very frail. (-20% HP)
Your magical capacity is low. (-10% MP)
You occasionally shout uncontrollably at your foes.
You do not regenerate when monsters are visible.
You occasionally lose the ability to read scrolls when taking damage.


Message History

(V) Vaults (C) Crypt (U) Depths (H) Hell (I) Dis (G) Gehenna (X) Cocytus (Y) Tartarus (Z) Zot
Where to? (Enter - D:1, ? - help)
Things that are here:
a +0 robe; a +0 dagger
Things that are here:
a +0 quarterstaff; a +1 shortbow of draining
There is a stone staircase leading up here.
You climb upwards.
There is a stone staircase leading down here.
You see here a +0 giant club.
HP restored.
There is a stone staircase leading up here.
You climb upwards.
There is a stone staircase leading down here.
There is a stone staircase leading up here.
You climb upwards.
You sense a monster nearby.
There is a stone staircase leading down here.
You feel yourself speed up.
A Tzitzimitl comes into view.
Your extra speed is starting to run out.
Things that are here:
3 stones; a +0 dagger
There is a stone staircase leading up here.
You climb upwards.
You feel yourself slow down.
There is a stone staircase leading down here.
There is a stone staircase leading up here.
You climb upwards.
There is a stone staircase leading down here.
There is an open door here.
You see here a +0 leather armour.
You feel very buoyant.
You fly up into the air.
There is an open door here.
There is a staircase leading out of the dungeon here.
Unknown command.
You have escaped!

.#.#....#################....#..#
.#.#...## ###.......### ##...#...
.#.#..## ##.§........§## ##..#...
##.#..# ##..§§§≈.≈≈§§§.## #..#...
...#).# #...§§§≈.≈≈§≈...# #..#.#.
.###.####..≈≈.......≈≈..####.#.#.
.###.# #...§..#####..≈...# #...#.
..##.# #..≈≈.##...##.§≈..# #.###.
..##.# #..§≈.##.@.##.≈≈..# #.# #.
..##.# #..≈≈.##...##.≈§..# #.###.
..##.# #...§..##'##..≈...# #..##.
..##.####..≈≈.....§.≈≈..####...#.
.##...# #...≈≈≈≈≈≈§≈≈...# #...#..
.##...# ##....≈≈≈≈≈....## #..###.
......## ##...........## ##..# ##
.......## ###.......### ##...###.
###.....########[########.....#.#


There were no monsters in sight!

Vanquished Creatures
  2 dread liches
  8 orbs of fire (Zot:5)
  2 ancient liches
  Mara (Elf:3)
  The ghost of Caump the Slayer, a veteran BaSu of Cheibriados (Zot:5)
  2 Killer Klowns
  Vv (Zot:3)
  5 curse toes
  Saint Roka (Snake:3)
  Vashnia (Snake:4)
  Geryon (Hell)
  10 golden dragons
  3 bone dragons (Depths:4)
  A Tzitzimitl (Depths:3)
  5 electric golems
  Jorgrun (D:13)
  Zenata (Elf:1)
  Mlioglotl (Swamp:2)
  Rupert (D:13)
  13 tentacled monstrosities
  A Hell Sentinel (Abyss:2)
  2 liches
  6 quicksilver dragons
  27 Orb Guardians
  3 titans (Vaults:5)
  2 deep elf master archers (Elf:3)
  The ghost of turdburglar the Warrior, an adept GrHu of Dithmenos (Elf:2)
  Asterion (Snake:2)
  A deep elf blademaster (Elf:2)
  6 death cobs
  Gastronok (D:9)
  Agnes (Snake:1)
  3 sphinxes (Vaults:5)
  The ghost of boopmooplesden the Hoplite, an adept MiFi of Trog (Snake:4)
  A thorn hunter (Swamp:4)
  14 storm dragons
  A revenant (Hell)
  9 shadow dragons
  7 draconian monks
  9 fire giants
  7 tengu reavers
  16 nagarajas
  A balrug (Arena)
  4 iron dragons
  9 deep elf sorcerers
  9 draconian scorchers
  23 vault wardens
  6 draconian knights
  7 frost giants
  2 spectral caustic shrikes (Depths:2)
  3 ghost moths
  Aizul (Snake:2)
  A ghoul (Vaults:3)
  A caustic shrike zombie (Depths:2)
  A curse skull (Vaults:3)
  A deep elf elementalist (Elf:3)
  3 draconian stormcallers
  A quicksilver ooze (shapeshifter) (Vaults:5)
  5 draconian shifters
  2 reapers
  10 draconian annihilators
  An orc warlord (Vaults:1)
  2 cacodemons
  12 ironbound preservers
  3 demonspawn corrupters (WizLab)
  8 very ugly things
  14 stone giants
  5 war gargoyles
  2 spriggan defenders (Depths:3)
  5 vampire knights
  2 ironbound thunderhulks (Vaults:1)
  11 green draconians
  15 black draconians
  6 bunyips
  13 red draconians
  2 lorocyprocas (Hell)
  14 dire elephants
  6 eleionomae
  3 deep elf demonologists
  Azrael (D:12)
  10 deep elf annihilators
  12 white draconians
  11 purple draconians
  10 yellow draconians
  9 deep elf death magi
  A merfolk impaler (Depths:2)
  A spectral quicksilver dragon (Zot:5)
  The ghost of laqueoix the Carver, a journeyman DsGl of Ashenzari (Lair:3)
  Snorg (D:13)
  14 ettins
  A green death (Hell)
  3 blizzard demons (Hell)
  A quicksilver dragon zombie (Hell)
  15 yaktaur captains
  7 fire dragons
  A crystal guardian (Vaults:1)
  3 entropy weavers
  3 iron golems (Hell)
  3 shambling mangroves (Swamp:4)
  11 deep elf high priests
  13 ice dragons
  4 rakshasas
  Josephine (Lair:5)
  5 salamander tyrants (Snake:4)
  A hell beast (Hell)
  3 ghost crabs
  7 great orbs of eyes
  21 hydras
  30 vault guards
  2 peacekeepers
  7 boulder beetles
  3 spriggan air magi
  14 anacondas
  2 ogre magi (Vaults:5)
  A spectral shadow dragon (Zot:5)
  7 centaur warriors
  7 ironbound frosthearts
  A two-headed ogre (shapeshifter) (Vaults:1)
  19 naga warriors
  19 dancing weapons
  5 tengu warriors
  10 alligators
  8 deep troll shamans
  7 deep troll earth magi
  9 two-headed ogres
  A vampire mage (Depths:3)
  4 hell hogs
  4 spriggan berserkers
  5 orc high priests (Orc:2)
  6 thrashing horrors
  5 soul eaters
  7 shock serpents
  16 deep elf knights
  A titan zombie (Vaults:4)
  Urug (Lair:1)
  22 naga sharpshooters
  10 sun demons
  2 spectral storm dragons (Zot:5)
  9 hell knights
  3 salamander mystics
  4 sixfirhies
  A spectral black draconian (Zot:5)
  A cherub (Zot:4)
  A death drake (shapeshifter) (Depths:2)
  7 iron trolls
  8 shadow wraiths (Depths:3)
  2 fire crabs (shapeshifter)
  A spectral purple draconian (Zot:5)
  An anaconda zombie (Hell)
  5 sea snakes (Depths:1)
  36 deep trolls
  2 flayed ghosts
  3 goliath frogs
  4 skeletal warriors (D:14)
  3 shadow demons (Depths:3)
  9 bog bodies
  4 spriggan druids
  A glowing orange brain (Vaults:4)
  A deep troll (shapeshifter) (Depths:4)
  A golden dragon zombie (Vaults:4)
  3 naga ritualists
  16 deep elf archers
  16 orc knights
  25 deep elf zephyrmancers
  19 wizards
  2 anaconda skeletons (Hell)
  5 lindwurms
  14 swamp dragons (Swamp:4)
  36 deep elf pyromancers
  12 necromancers
  Pikel (D:9)
  5 phantasmal warriors (Vaults:5)
  20 ironbound convokers
  A wolf spider (shapeshifter) (Elf:1)
  A fire giant zombie (Depths:2)
  A tengu skeleton (Depths:2)
  54 ugly things
  9 mana vipers
  2 orc sorcerers
  4 cyclopes
  3 worldbinders (WizLab)
  19 salamanders
  A manticore (D:12)
  A frost giant zombie (Depths:2)
  6 smoke demons
  15 moths of wrath
  6 elephants
  2 will-o-the-wisps
  A human skeleton (Vaults:3)
  22 naga magi
  An apocalypse crab (Abyss:2)
  15 vault sentinels
  6 guardian serpents
  A torpor snail (Lair:2)
  A water nymph (WizLab)
  A demonic crawler (Hell)
  2 ice statues
  28 black mambas
  3 molten gargoyles (Hell)
  7 rust devils
  9 cane toads
  3 human zombies (Vaults:3)
  2 orange demons
  2 starcursed masses (Abyss:2)
  2 gargoyles (D:13)
  11 rime drakes
  An unseen horror (D:12)
  A hellion (Hell)
  37 yaktaurs
  5 freezing wraiths
  A rime drake (shapeshifter) (Vaults:4)
  2 efreet
  A yaktaur skeleton (Vaults:3)
  An anaconda simulacrum (IceCv)
  An ice devil (IceCv)
  2 tengu conjurers
  2 red devils (Depths:2)
  A sea snake zombie (Hell)
  2 ancient zymes
  8 komodo dragons
  A ghost moth simulacrum (Zot:5)
  A sea snake skeleton (Hell)
  A harpy zombie (Hell)
  A queen bee (Lair:3)
  7 trolls
  8 tyrant leeches
  A hydra zombie (Hell)
  4 meliai
  14 hornets
  A shadow dragon simulacrum (Zot:5)
  2 polar bears
  4 raiju (Abyss:2)
  21 blink frogs
  A hydra skeleton (Hell)
  A frost giant simulacrum (Vaults:3)
  6 dream sheep (Lair:5)
  An alligator zombie (Hell)
  3 draconian simulacra (Zot:5)
  A shadow (D:11)
  A spriggan skeleton (Depths:2)
  An ettin skeleton (Vaults:3)
  2 large abominations (Lair:5)
  A dire elephant simulacrum (IceCv)
  A stone giant simulacrum (Vaults:3)
  2 air elementals
  An alligator skeleton (Hell)
  5 spriggans
  8 wraiths
  33 slime creatures
  A vampire (D:12)
  4 ynoxinuls
  A wyvern (shapeshifter) (D:13)
  A culicivora (Vaults:4)
  31 yaks
  16 water elementals
  4 wyverns
  17 small abominations
  A green draconian simulacrum (Zot:5)
  9 fire elementals
  11 steam dragons
  A black draconian simulacrum (Zot:5)
  2 redbacks
  6 basilisks
  2 neqoxecs
  17 humans (D:14)
  18 vampire mosquitoes
  2 chaos spawn
  4 wargs
  A yaktaur simulacrum (Vaults:3)
  2 death yak simulacra (IceCv)
  14 swamp worms
  39 nagas
  An acid dragon (D:11)
  8 hell hounds
  A hydra simulacrum (IceCv)
  20 water moccasins
  A moth of wrath simulacrum (Zot:5)
  A naga skeleton (Hell)
  A floating eye (Depths:4)
  16 swamp drakes
  48 orc warriors
  A sky beast (shapeshifter) (Lair:5)
  An ice beast (D:5)
  3 black bears
  A sky beast (D:7)
  35 wolves
  10 ogres
  4 centaurs
  A lemure (D:9)
  2 phantoms
  A kobold brigand (D:7)
  12 bullfrogs
  3 earth elementals
  An ogre simulacrum (Vaults:4)
  6 scorpions
  A cane toad simulacrum (IceCv)
  6 wights
  6 two-headed ogre simulacra (IceCv)
  13 killer bees
  2 elephant simulacra (IceCv)
  9 electric eels
  3 howler monkeys
  2 centaur zombies (D:9)
  5 hounds
  29 orc priests
  2 iron imps (Abyss:2)
  13 iguanas
  A sleepcap (D:4)
  6 hell rats (Hell)
  22 orc wizards
  8 troll simulacra (IceCv)
  A polar bear simulacrum (IceCv)
  2 spriggan simulacra (IceCv)
  4 wolf simulacra (IceCv)
  7 adders
  5 naga simulacra (IceCv)
  6 white imps
  4 ufetubi
  4 worms
  5 dart slugs
  92 orcs
  4 bats
  7 endoplasms
  6 giant cockroaches
  6 goblins
  7 hobgoblins
  4 jackals
  14 kobolds
  4 quokkas
  11 ball pythons
  6 frilled lizards
  2 rats
  3 spectral weapons
2240 creatures vanquished.

Vanquished Creatures (others)
  An ice dragon (Depths:4)
  An ogre mage (Vaults:5)
  3 deep elf zephyrmancers
  A mana viper (Snake:4)
  A dire elephant zombie (Hell)
  4 bloated husks
  A hellwing (Depths:2)
  A water elemental (Elf:2)
  2 swamp drakes
  A wolf (shapeshifter) (Depths:1)
  An orc priest (Orc:1)
  An orc (Orc:1)
  8 foxfires
26 creatures vanquished.

Grand Total: 2266 creatures vanquished

Notes
Turn   | Place    | Note
-------+----------+-------------------------------------------
     0 | D:1      | rddays123 the Minotaur Fighter began the quest for the Orb.
     0 | D:1      | Reached XP level 1. HP: 19/19 MP: 0/0
    84 | D:1      | You fall into a shaft and drop 1 floor!
   214 | D:1      | Reached XP level 2. HP: 25/27 MP: 1/1
   371 | D:1      | Reached skill level 4 in Fighting
   471 | D:1      | Reached XP level 3. HP: 31/33 MP: 2/2
  1110 | D:2      | Reached XP level 4. HP: 41/41 MP: 3/3
  1708 | D:3      | Found a faded altar of an unknown god.
  1760 | D:3      | Found an opulent altar of Gozag.
  1761 | D:3      | Found an opulent altar of Gozag.
  1767 | D:3      | Found an opulent altar of Gozag.
  1858 | D:3      | Found an opulent altar of Gozag.
  2085 | D:4      | Found a hazy altar of Hepliaklqana.
  2151 | D:4      | Reached XP level 5. HP: 47/47 MP: 4/4
  2152 | D:4      | Reached skill level 5 in Fighting
  2152 | D:4      | Reached skill level 5 in Armour
  2175 | D:4      | Found a burning altar of Makhleb.
  2209 | D:4      | Found a glowing silver altar of Zin.
  2491 | D:4      | Noticed a phantom
  2501 | D:4      | Killed a phantom
  2502 | D:4      | Reached XP level 6. HP: 56/56 MP: 5/5
  2558 | D:4      | Reached skill level 5 in Axes
  2749 | D:4      | Reached skill level 6 in Fighting
  2852 | D:5      | Entered Level 5 of the Dungeon
  2906 | D:5      | Found Baalurut's Jewellery Shop.
  3010 | D:5      | Reached XP level 7. HP: 56/64 MP: 6/6
  3190 | D:5      | Reached skill level 7 in Fighting
  3206 | D:5      | Found a staircase to the Ecumenical Temple.
  3307 | Temple   | Entered the Ecumenical Temple
  3332 | Temple   | Became a worshipper of Warmaster Okawaru
  3930 | D:5      | Upgraded the game from 0.30.1-8-g117510f58f to
                  | 0.30.1-9-gdf580d7c3d
  4239 | D:6      | Reached XP level 8. HP: 63/74 MP: 7/7
  4313 | D:6      | Reached skill level 8 in Fighting
  4440 | D:6      | Reached * piety under Okawaru
  4676 | D:6      | Reached skill level 9 in Fighting
  4704 | D:6      | Found Jyppithri's Lightly-Used Armoury.
  5031 | D:7      | Reached ** piety under Okawaru
  5196 | D:7      | Found a transporter.
  5196 | D:7      | Noticed a moth of wrath
  5198 | D:7      | Noticed Athletesfoot's ghost (novice MiFi)
  5199 | D:7      | Noticed a two-headed ogre
  5208 | D:7      | Found a bloodstained altar of Trog.
  5272 | D:7      | Found a transporter.
  5375 | D:7      | Reached skill level 10 in Fighting
  5375 | D:7      | Reached XP level 9. HP: 80/85 MP: 8/8
  5728 | D:8      | Reached skill level 10 in Axes
  5777 | D:8      | Reached *** piety under Okawaru
  6202 | D:8      | Reached skill level 11 in Fighting
  6456 | D:8      | Found a snail-covered altar of Cheibriados.
  7026 | D:9      | Found a bloodstained altar of Trog.
  7563 | D:8      | Reached **** piety under Okawaru
  7671 | D:9      | Reached skill level 12 in Fighting
  7762 | D:9      | Found a staircase to the Orcish Mines.
  7818 | D:9      | Found a blossoming altar of Fedhas.
  8053 | D:9      | Reached XP level 10. HP: 95/97 MP: 9/9
  8069 | D:9      | Noticed Gastronok
  8094 | D:9      | Killed Gastronok
  8201 | D:9      | Noticed Pikel
  8258 | D:9      | Killed Pikel
  8258 | D:9      | Reached ***** piety under Okawaru
  8259 | D:9      | Reached skill level 13 in Fighting
  8259 | D:9      | Reached skill level 1 in Invocations
  8314 | D:9      | Found a broken altar of Ashenzari.
  8515 | D:9      | Found a basalt altar of Yredelemnul.
  8685 | D:9      | Identified a scroll of acquirement
  8685 | D:9      | Acquired the +1 pair of boots of the Old and Reckless
                  | {rPois}
  8804 | D:5      | Bought an amulet of faith for 520 gold pieces
  8927 | D:10     | Entered Level 10 of the Dungeon
  8936 | D:10     | Noticed a two-headed ogre
  8953 | D:10     | Killed a two-headed ogre
  9048 | D:10     | Noticed an elephant
  9061 | D:10     | Found a staircase to the Lair.
  9069 | D:10     | Killed an elephant
  9202 | D:10     | Received a gift from Okawaru
  9203 | D:10     | Reached XP level 11. HP: 97/108 MP: 11/13
  9355 | D:10     | Found a shadowy altar of Dithmenos.
  9719 | D:10     | Reached skill level 14 in Fighting
 10198 | D:11     | Noticed a two-headed ogre
 10207 | D:11     | Killed a two-headed ogre
 10208 | D:11     | Reached skill level 5 in Invocations
 10243 | D:11     | Found a frozen archway.
 10249 | IceCv    | Entered an ice cave
 10669 | IceCv    | Identified the +1 robe of Gestures {rF+ Int+3 Stlth+}
 10751 | IceCv    | Noticed a bog body
 10777 | IceCv    | Killed a bog body
 10777 | IceCv    | Received a gift from Okawaru
 10874 | IceCv    | Noticed a bog body
 10883 | IceCv    | Killed a bog body
 10930 | IceCv    | Identified the +2 leather armour of Charmed Music {Regen+}
 11490 | D:11     | Noticed a boulder beetle
 11853 | D:11     | Killed a boulder beetle
 12685 | D:12     | Identified the +4 scale mail of Yriguisi {Str+3 Stlth+}
                  | (Okawaru gifted it to you on level 12 of the Dungeon)
 12685 | D:12     | Received a gift from Okawaru
 12749 | D:12     | Noticed an orc knight
 12751 | D:12     | Reached XP level 12. HP: 118/118 MP: 15/15
 13058 | D:12     | Noticed a two-headed ogre
 13061 | D:12     | Killed a two-headed ogre
 13061 | D:12     | Reached ****** piety under Okawaru
 13062 | D:12     | Reached skill level 15 in Axes
 13563 | D:12     | Noticed Azrael
 13595 | D:12     | Killed Azrael
 13976 | D:6      | Bought a -2 demon whip for 75 gold pieces
 14069 | Lair:1   | Entered Level 1 of the Lair of Beasts
 14178 | Lair:1   | Noticed a boulder beetle
 14188 | Lair:1   | Received a gift from Okawaru
 14393 | Lair:1   | Killed a boulder beetle
 14613 | Lair:1   | Noticed Urug
 14622 | Lair:1   | Killed Urug
 14989 | Lair:1   | Identified the +0 ring mail of New Discoveries {Contam
                  | *Slow rF+ Str+8 Dex+3}
 15328 | Lair:1   | Reached skill level 10 in Armour
 15465 | Lair:1   | Reached XP level 13. HP: 113/125 MP: 17/17
 15655 | Lair:2   | Reached skill level 15 in Fighting
 15662 | Lair:2   | Noticed a dire elephant
 15786 | Lair:2   | Killed a dire elephant
 15847 | Lair:2   | Acquired the +0 kite shield "Suimiwas" {Regen+ Dex+2}
 16012 | Lair:2   | Acquired the ring "Jideash" {rC+ Will+ Slay+2}
 16044 | Lair:2   | Reached skill level 1 in Dodging
 16072 | Lair:2   | Found a staircase to the Swamp.
 16286 | Lair:2   | Found a staircase to the Snake Pit.
 16442 | Lair:2   | Noticed a dire elephant
 16442 | Lair:2   | Noticed a dire elephant
 16587 | Lair:2   | Killed a dire elephant
 16754 | Lair:2   | Killed a dire elephant
 17011 | Lair:1   | Identified the +17 crystal plate armour of Isojir {Str+3}
                  | (Okawaru gifted it to you on level 1 of the Lair of Beasts)
 17011 | Lair:1   | Received a gift from Okawaru
 17158 | Lair:3   | Noticed laqueoix's ghost (journeyman DsGl)
 17176 | Lair:3   | Found a transporter.
 17178 | Lair:3   | Found a transporter.
 17408 | Lair:3   | Identified the +9 dagger of Exquisite Death {heavy, Will-
                  | Int+2 SInv Stlth+}
 17802 | Lair:3   | Reached skill level 16 in Fighting
 17991 | Lair:4   | Acquired the +0 pair of gloves "Earthly Heaven" {rElec
                  | Int+2 Dex+4}
 18014 | Lair:4   | Found a gate leading to a gauntlet.
 18047 | Lair:4   | Reached skill level 5 in Dodging
 18259 | Lair:4   | Found a viscous altar of Jiyva.
 18259 | Lair:4   | Found a staircase to the Slime Pits.
 18425 | Lair:4   | Found a glowing golden altar of the Shining One.
 18615 | Lair:5   | Entered Level 5 of the Lair of Beasts
 18666 | Lair:5   | Noticed Josephine
 18688 | Lair:5   | Killed Josephine
 18764 | Lair:5   | Received a gift from Okawaru
 18804 | Lair:5   | Reached XP level 14. HP: 137/138 MP: 18/18
 19194 | Lair:5   | Identified the +2 plate armour of Noughts and Crosses
                  | {Harm} (Okawaru gifted it to you on level 5 of the Lair of
                  | Beasts)
 19194 | Lair:5   | Received a gift from Okawaru
 19251 | Lair:5   | Reached skill level 5 in Shields
 19251 | Lair:5   | Reached XP level 15. HP: 146/146 MP: 19/19
 19381 | Lair:5   | Reached skill level 17 in Fighting
 19592 | Lair:5   | Reached skill level 10 in Dodging
 19871 | Lair:5   | Found a corrupted altar of Lugonu.
 19871 | Lair:5   | Found a one-way gate to the infinite horrors of the Abyss.
 20221 | Lair:3   | Killed laqueoix's ghost
 20252 | Lair:3   | Identified the +6 shortbow of Petime {heavy, rN+ rCorr
                  | Int+4 Stlth+}
 20641 | D:13     | Noticed Jorgrun
 20657 | D:13     | Killed Jorgrun
 20699 | D:13     | Noticed Snorg
 20708 | D:13     | Killed Snorg
 20720 | D:13     | Found Cor Egu's Armour Shoppe.
 20974 | D:13     | Received a gift from Okawaru
 20981 | D:13     | Noticed Rupert
 21003 | D:13     | Killed Rupert
 21075 | D:13     | Reached skill level 18 in Fighting
 21315 | D:14     | Reached skill level 15 in Armour
 21328 | D:14     | Found a gate to the Vaults.
 21342 | D:14     | Reached XP level 16. HP: 157/157 MP: 15/20
 21455 | D:14     | Received a gift from Okawaru
 21874 | D:15     | Entered Level 15 of the Dungeon
 22046 | D:15     | Reached skill level 19 in Fighting
 22297 | D:15     | Found a staircase to the Depths.
 22582 | D:15     | Received a gift from Okawaru
 22828 | Orc:1    | Entered Level 1 of the Orcish Mines
 22966 | Orc:2    | Entered Level 2 of the Orcish Mines
 23395 | Orc:2    | Found a staircase to the Elven Halls.
 23816 | Orc:2    | Found Wefoc's Antique Weapon Emporium.
 23816 | Orc:2    | Found Haonn's General Store.
 23817 | Orc:2    | Found Yllorr's Antique Armour Emporium.
 23817 | Orc:2    | Found Qosimos's Distillery.
 23827 | Orc:2    | Bought a potion of curing for 51 gold pieces
 23827 | Orc:2    | Bought a potion of curing for 51 gold pieces
 23828 | Orc:2    | Bought a scroll of teleportation for 33 gold pieces
 23828 | Orc:2    | Bought a scroll of enchant weapon for 82 gold pieces
 23828 | Orc:2    | Bought a potion of heal wounds for 55 gold pieces
 23828 | Orc:2    | Bought a scroll of fear for 44 gold pieces
 24013 | Orc:1    | Received a gift from Okawaru
 24421 | Snake:1  | Entered Level 1 of the Snake Pit
 24511 | Snake:1  | Noticed Agnes
 24521 | Snake:1  | Killed Agnes
 24577 | Snake:1  | Found Zariss's Antique Armour Emporium.
 24590 | Snake:1  | Noticed Aizul
 24655 | Snake:2  | Killed Aizul
 24678 | Snake:1  | Received a gift from Okawaru
 25159 | Snake:2  | Reached XP level 17. HP: 160/170 MP: 8/21
 25335 | Snake:2  | Reached skill level 20 in Fighting
 25542 | Snake:2  | Noticed Asterion
 25555 | Snake:2  | Killed Asterion
 25688 | Snake:2  | Identified the +1 robe of Watchfulness {rC++ Regen+}
 26195 | Snake:3  | Found Ablu's Distillery.
 26198 | Snake:3  | Bought 2 potions of curing for 90 gold pieces
 26198 | Snake:3  | Bought a potion of haste for 150 gold pieces
 26198 | Snake:3  | Bought a potion of heal wounds for 75 gold pieces
 26198 | Snake:3  | Bought a potion of heal wounds for 75 gold pieces
 26198 | Snake:3  | Bought 2 potions of curing for 90 gold pieces
 26198 | Snake:3  | Bought a potion of might for 60 gold pieces
 26643 | Snake:3  | Noticed Saint Roka
 26675 | Snake:3  | Killed Saint Roka
 26745 | Snake:3  | Identified the +6 hand axe of the Lair of Beasts {freeze,
                  | rElec Will+ Int+3} (Okawaru gifted it to you on level 3 of
                  | the Snake Pit)
 26745 | Snake:3  | Received a gift from Okawaru
 27040 | Snake:4  | Entered Level 4 of the Snake Pit
 27118 | Snake:4  | Noticed Vashnia
 27132 | Snake:4  | Killed Vashnia
 27411 | Snake:4  | Reached skill level 15 in Dodging
 27482 | Snake:4  | Identified the +1 hat of Supple Strength {Rampage Str+4
                  | Slay-2} (Okawaru gifted it to you on level 4 of the Snake
                  | Pit)
 27482 | Snake:4  | Received a gift from Okawaru
 27652 | Snake:4  | Found a runed translucent door.
 27654 | Snake:4  | Noticed boopmooplesden's ghost (adept MiFi)
 27923 | Snake:4  | Noticed a quicksilver dragon
 27923 | Snake:4  | Noticed a quicksilver dragon
 27931 | Snake:4  | Killed a quicksilver dragon
 27932 | Snake:4  | Reached XP level 18. HP: 150/180 MP: 15/23
 28174 | Snake:4  | Got a serpentine rune of Zot
 28291 | Snake:4  | Killed boopmooplesden's ghost
 28292 | Snake:4  | Reached skill level 10 in Shields
 28404 | Swamp:1  | Entered Level 1 of the Swamp
 28690 | Swamp:1  | Received a gift from Okawaru
 28726 | Swamp:1  | Found a transporter.
 28729 | Swamp:1  | Found a transporter.
 29149 | Swamp:2  | Noticed Mlioglotl
 29159 | Swamp:2  | Killed Mlioglotl
 29335 | Swamp:2  | Received a gift from Okawaru
 29335 | Swamp:2  | Found the +5 woodcutter's axe
 30237 | Swamp:4  | Entered Level 4 of the Swamp
 30271 | Swamp:4  | Reached skill level 10 in Invocations
 30515 | Swamp:4  | Acquired 718 gold pieces
 30600 | Swamp:3  | Identified the +0 pair of gloves of the Hunter {Will+}
                  | (Okawaru gifted it to you on level 3 of the Swamp)
 30600 | Swamp:3  | Received a gift from Okawaru
 31237 | Swamp:4  | Reached XP level 19. HP: 129/187 MP: 25/25
 31326 | Swamp:4  | Got a decaying rune of Zot
 31577 | Elf:1    | Entered Level 1 of the Elven Halls
 31611 | Elf:1    | Found a radiant altar of Vehumet.
 31750 | Elf:1    | Noticed Zenata
 31772 | Elf:1    | Killed Zenata
 31823 | Elf:1    | Identified the +1 trident "Zorhuf" {freeze, Str+3 Int+3
                  | Dex+6}
 31886 | Elf:1    | Received a gift from Okawaru
 32009 | Elf:1    | Received a gift from Okawaru
 32066 | Elf:1    | Got Geap Qau's Disquisition on the Barrage
 32380 | Elf:2    | Found a runed translucent door.
 32386 | Elf:2    | Noticed turdburglar's ghost (adept GrHu)
 32461 | Elf:2    | Killed turdburglar's ghost
 32491 | Elf:2    | Identified the amulet "Ziwoev" {Regen+ Int+2 SInv}
 32554 | Elf:2    | Got Sif Muna's Folio of Excavation
 32834 | Elf:2    | Found a huge runed translucent gate.
 32834 | Elf:2    | Found a huge runed translucent gate.
 32834 | Elf:2    | Found a huge runed translucent gate.
 32835 | Elf:2    | Found a huge runed translucent gate.
 32838 | Elf:2    | Found a huge runed translucent gate.
 33585 | Abyss:2  | Cast into level 2 of the Abyss (+5 quick blade of
                  | distortion)
 33774 | Abyss:2  | Found a corrupted altar of Lugonu.
 33789 | Abyss:2  | Found a corrupted altar of Lugonu.
 33843 | Abyss:2  | Received a gift from Okawaru
 33901 | Elf:2    | Escaped the Abyss
 34217 | Elf:3    | Entered Level 3 of the Elven Halls
 34344 | Elf:3    | Noticed a Tzitzimitl
 34344 | Elf:3    | Received a gift from Okawaru
 34349 | Arena    | Entered the Arena
 34494 | Elf:3    | Reached XP level 20. HP: 195/195 MP: 28/28
 34495 | Elf:3    | Noticed Mara
 34511 | Elf:3    | Noticed rddays123's illusion
 34530 | Elf:3    | Killed Mara
 34579 | Elf:3    | Received a gift from Okawaru
 34589 | Elf:3    | Identified the ring "Zeicup" {Contam rF+ rC+ Str+7 Int-3}
 34814 | Elf:3    | Identified the +2 spear "Apui" {heavy, *Slow rN+ rCorr}
 34882 | Elf:3    | Identified the +11 broad axe "Coloc" {freeze, Str+3}
 34882 | Elf:3    | Identified the ring of Fotanloj {Fly rElec}
 34950 | Elf:3    | Identified the ring "Ytrite" {rF+ MP+9}
 35057 | Elf:3    | Identified the staff of fire "Ronabb" {rF+ rC++ MP-9 Str+3
                  | Int+4}
 35314 | Elf:3    | Identified the +0 ring mail of Duty {rC+ Str+2}
 35890 | Vaults:1 | Entered Level 1 of the Vaults
 35920 | Vaults:1 | Found Helaos's Distillery.
 35926 | Vaults:1 | Bought a potion of might for 68 gold pieces
 35926 | Vaults:1 | Bought a potion of curing for 51 gold pieces
 35926 | Vaults:1 | Bought a potion of curing for 51 gold pieces
 36361 | Vaults:1 | Received a gift from Okawaru
 36378 | Vaults:1 | Reached skill level 15 in Shields
 36430 | Vaults:1 | Identified the +10 plate armour of Runammato {-Tele rF+
                  | rCorr MP+9 Slay+4}
 36896 | Vaults:1 | Reached skill level 21 in Fighting
 37377 | Vaults:2 | Identified the +1 scale mail of the Bedazzled God {rPois
                  | rC++ rN+ Slay+5} (Okawaru gifted it to you on level 2 of
                  | the Vaults)
 37377 | Vaults:2 | Received a gift from Okawaru
 37669 | Vaults:2 | Acquired 1138 gold pieces
 38118 | Vaults:2 | Reached XP level 21. HP: 204/204 MP: 30/30
 38203 | Vaults:2 | Reached XP level 22. HP: 215/215 MP: 31/31
 38371 | Vaults:3 | Reached skill level 22 in Fighting
 38434 | Vaults:3 | Found a magical portal.
 38439 | WizLab   | Entered Alistair's Party Mansion
 38936 | WizLab   | Acquired 741 gold pieces
 39211 | Vaults:3 | Identified the +0 plate armour of Conscience {rElec rCorr}
                  | (Okawaru gifted it to you on level 3 of the Vaults)
 39211 | Vaults:3 | Received a gift from Okawaru
 39489 | Vaults:3 | Found a staircase to the Crypt.
 40801 | Vaults:4 | Received a gift from Okawaru
 41020 | Vaults:5 | Entered Level 5 of the Vaults
 41067 | Vaults:5 | Noticed a golden dragon
 41217 | Vaults:5 | Killed a golden dragon
 41218 | Vaults:5 | Reached XP level 23. HP: 197/225 MP: 26/33
 41279 | Vaults:5 | Reached skill level 15 in Invocations
 41284 | Vaults:5 | Received a gift from Okawaru
 41295 | Vaults:5 | Reached skill level 23 in Fighting
 41348 | Vaults:5 | Identified the +11 spear of Nuops {drain, Int+2 Stlth+}
 41355 | Vaults:5 | Noticed a dread lich
 41363 | Vaults:5 | Identified the +5 hand axe of the Hierophant {elec, rN++}
                  | (Okawaru gifted it to you on level 5 of the Vaults)
 41363 | Vaults:5 | Received a gift from Okawaru
 41369 | Vaults:5 | Killed a dread lich
 41384 | Vaults:5 | Noticed an ancient lich
 41390 | Vaults:5 | Identified the ring "Afimn" {Ice Will+ Stlth+}
 41401 | Vaults:5 | Killed an ancient lich
 41820 | Vaults:5 | Identified the staff of air "Kyhia" {rElec rF+}
 41836 | Vaults:5 | Identified the +1 pair of boots of Pishaut {Harm *Corrode
                  | rN+} (Okawaru gifted it to you on level 5 of the Vaults)
 41836 | Vaults:5 | Received a gift from Okawaru
 42134 | Vaults:5 | Identified the +4 chain mail of Otijor {Int+2}
 42185 | Vaults:5 | Identified the staff of fire "Kagef" {+Blink rElec rF+
                  | Int+2 Stlth+}
 42452 | Vaults:5 | Identified the +9 tower shield "Dapecergh" {Dex+3}
 42696 | Vaults:5 | Got a silver rune of Zot
 43331 | Depths:1 | Entered Level 1 of the Depths
 43496 | Depths:1 | Found Rookk's General Store.
 43504 | Depths:1 | Bought a scroll of teleportation for 48 gold pieces
 43504 | Depths:1 | Bought a scroll of blinking for 120 gold pieces
 43821 | Depths:1 | Found a gateway to Hell.
 43985 | Depths:1 | Identified the staff of poison "Emnued" {rPois Will+}
 43986 | Depths:1 | Identified the +4 shortbow of the Glowing Seeker {elec,
                  | rCorr}
 44204 | Depths:1 | Reached XP level 24. HP: 224/237 MP: 34/34
 44227 | Depths:1 | Identified the +0 chain mail of Jagauc {rN+} (Okawaru
                  | gifted it to you on level 1 of the Depths)
 44227 | Depths:1 | Received a gift from Okawaru
 45088 | Depths:2 | Reached skill level 24 in Fighting
 45233 | Depths:2 | Found a one-way gate leading to the halls of Pandemonium.
 45236 | Depths:2 | Gained mutation: You are dopey. (Int -2) [a neqoxec]
 45238 | Depths:2 | Gained mutation: You do not regenerate when monsters are
                  | visible. [a neqoxec]
 45439 | Depths:2 | Lost mutation: You are dopey. (Int -2) [potion of mutation]
 45439 | Depths:2 | Lost mutation: You do not regenerate when monsters are
                  | visible. [potion of mutation]
 45439 | Depths:2 | Gained mutation: You occasionally shout uncontrollably at
                  | your foes. [potion of mutation]
 45450 | Depths:2 | You fall into a shaft and drop 2 floors!
 45450 | Depths:4 | Entered Level 4 of the Depths
 45487 | Depths:4 | Found a burning altar of Makhleb.
 45737 | Depths:3 | Received a gift from Okawaru
 46077 | Depths:3 | Found a shadowy altar of Dithmenos.
 46077 | Depths:3 | Found the +2 hood of the Assassin {Detect Stab+ Stlth++}
 46086 | Depths:3 | Identified the +0 shadow dragon scales of Sorcery {Str+4
                  | Dex+3 SInv Stlth++++}
 46488 | Depths:4 | Found an ornate altar of the Wu Jian Council.
 46583 | Depths:4 | Found a gate to the Realm of Zot.
 46725 | Depths:4 | Received a gift from Okawaru
 46725 | Depths:4 | Found the +3 crown of Dyrovepreva {rElec Int+2 SInv}
 47429 | Depths:2 | Found a one-way gateway to a ziggurat.
 47586 | Depths:2 | Reached XP level 25. HP: 235/247 MP: 23/34
 48163 | Hell     | Entered the Vestibule of Hell
 48163 | Hell     | Noticed Geryon
 48203 | Hell     | Killed Geryon
 48429 | Hell     | Reached skill level 25 in Fighting
 48553 | Hell     | Found a gateway to the Iron City of Dis.
 48648 | Hell     | Found a gateway to the freezing wastes of Cocytus.
 48789 | Hell     | Received a gift from Okawaru
 48799 | Hell     | Found a gateway to the decaying netherworld of Tartarus.
 48857 | Hell     | Gained mutation: You are frail. (-10% HP) [a cacodemon]
 48890 | Hell     | Found a gateway to the ashen valley of Gehenna.
 49057 | Zot:1    | Entered Level 1 of the Realm of Zot
 49224 | Zot:1    | Identified the +0 chain mail "Tatsi" {rF+++ rC+ rCorr Str-4
                  | Dex-5}
 49237 | Zot:1    | Reached skill level 1 in Throwing
 49791 | Zot:2    | Received a gift from Okawaru
 49820 | Zot:2    | Received a gift from Okawaru
 50030 | Zot:2    | You fall into a shaft and drop 1 floor!
 50716 | Zot:2    | Identified the +3 war axe of Bodily Humours {vamp, rElec
                  | rPois rF- rN+++} (Okawaru gifted it to you on level 2 of
                  | the Realm of Zot)
 50716 | Zot:2    | Received a gift from Okawaru
 50767 | Zot:3    | Identified the ring of Brilliance {Will+ Str+6 Slay+3}
 50940 | Zot:3    | Noticed an orb of fire
 50940 | Zot:3    | Found a transporter.
 51024 | Zot:3    | Identified the amulet "Siytu" {Faith rC+ Int-3 Dex+2}
 51057 | Zot:3    | Noticed Vv
 51079 | Zot:3    | Killed Vv
 51367 | Zot:3    | Found a transporter.
 51806 | Zot:3    | Identified the +2 robe of the Bagpipe {rC+} (Okawaru gifted
                  | it to you on level 3 of the Realm of Zot)
 51806 | Zot:3    | Received a gift from Okawaru
 51835 | Zot:4    | Reached XP level 26. HP: 220/233 MP: 35/35
 51865 | Zot:4    | Reached skill level 5 in Throwing
 52299 | Zot:4    | Identified the +0 robe "Xafa" {rN+ Int+3}
 53156 | Zot:5    | Entered Level 5 of the Realm of Zot
 53375 | Zot:5    | Found a runed translucent gate.
 53377 | Zot:5    | Found a runed translucent gate.
 53378 | Zot:5    | Found a runed translucent gate.
 53404 | Zot:5    | Noticed Caump's ghost (veteran BaSu)
 53991 | Zot:5    | Killed Caump's ghost
 53996 | Zot:5    | Identified the ring "Kehuosch" {Fire +Blink rPois Int+2}
 54189 | Zot:5    | Received a gift from Okawaru
 54192 | Zot:5    | Reached skill level 26 in Fighting
 55330 | Zot:5    | Noticed an ancient lich
 55334 | Zot:5    | Noticed an orb of fire
 55442 | Zot:4    | Received a gift from Okawaru
 55627 | Zot:5    | Noticed an orb of fire
 55734 | Zot:5    | Noticed an orb of fire
 55741 | Arena    | Entered the Arena
 55742 | Arena    | Killed an ancient lich
 55769 | Zot:5    | Killed an orb of fire
 55782 | Zot:5    | Gained mutation: You do not regenerate when monsters are
                  | visible. [an orb of fire]
 55800 | Zot:5    | Killed an orb of fire
 55804 | Zot:5    | Gained mutation: You are clumsy. (Dex -2) [an orb of fire]
 55820 | Zot:5    | Killed an orb of fire
 55820 | Zot:5    | Identified the +7 chain mail of the Nine Runes {Slay+3}
                  | (Okawaru gifted it to you on level 5 of the Realm of Zot)
 55820 | Zot:5    | Received a gift from Okawaru
 55837 | Zot:5    | Noticed a dread lich
 55848 | Zot:5    | Killed a dread lich
 56592 | Zot:5    | Noticed an orb of fire
 56594 | Zot:5    | Gained mutation: You occasionally lose the ability to read
                  | scrolls when taking damage. [an orb of fire]
 56599 | Zot:5    | Gained mutation: Your magical capacity is low. (-10% MP)
                  | [an orb of fire]
 56606 | Zot:5    | Killed an orb of fire
 56627 | Zot:5    | Noticed an orb of fire
 56641 | Zot:5    | Killed an orb of fire
 56869 | Zot:5    | Reached XP level 27. HP: 197/243 MP: 31/31
 56930 | Zot:5    | Noticed an orb of fire
 56940 | Zot:5    | Killed an orb of fire
 57006 | Zot:5    | Noticed an orb of fire
 57015 | Zot:5    | Gained mutation: You are very clumsy. (Dex -4) [an orb of
                  | fire]
 57019 | Zot:5    | Killed an orb of fire
 57138 | Zot:5    | Noticed an orb of fire
 57149 | Zot:5    | Gained mutation: You are very frail. (-20% HP) [an orb of
                  | fire]
 57154 | Zot:5    | Killed an orb of fire
 57303 | Zot:5    | Got the Orb of Zot
 57385 | Zot:4    | Noticed Gaocuumi the pandemonium lord
 57631 | D:15     | Noticed Gucaenuse the pandemonium lord
 57636 | D:14     | Noticed Ogetwest the pandemonium lord
 57644 | Arena    | Entered the Arena
 57767 | D:12     | Noticed Ynicakho the pandemonium lord
 57864 | D:10     | Reached skill level 27 in Fighting
 57903 | D:7      | Received a gift from Okawaru
 58032 | D:$      | Escaped with the Orb!

Illustrated notes

Levels and vault maps discovered:
D:1:      dpeg_arrival_concentric_ovals, layout_loops_ring,
          minmay_misc_feat_roman, chequers_jeans, minmay_pentomino_z4
D:2:      layout_rooms
D:3:      layout_loops_corners, nicolae_gozag_conspicuous_consumption,
          hellmonk_ecumenical_altar_blasted
D:4:      layout_basic, zin_academy, mainiacjoe_overflow_large_starburst
D:5:      layout_basic, minmay_temple_entry_statues_pillars, serial_shops,
          nicolae_shop_hallway_plus
D:6:      layout_basic, minmay_shop_damaged
D:7:      layout_loops_corners, gammafunk_ghost_wrathful_warriors
D:8:      layout_basic, lemuel_coloured_pillars_altar, minmay_joined_circles
D:9:      layout_irregular_city, lemuel_round_altar,
          lemuel_zombie_altar_yredelemnul, kennysheep_mini_moat,
          mainiacjoe_overflow_surrounded_room, orc_0_dummy, grunt_ministairs_9,
          minmay_three_doors, uniq_pikel, uniq_gastronok
D:10:     layout_stronghold, kennysheep_mini, david_lair_generic,
          minmay_lizard_king
D:11:     layout_rooms, portal_ice_cave_rime, wad_floor_pattern_untrapped
D:12:     layout_irregular_city, uniq_azrael
D:13:     layout_rooms, serial_shops, shop, uniq_snorg, uniq_rupert,
          uniq_jorgrun
D:14:     layout_roguey, grunt_vaults_entry_tiered, minmay_crystal_room
D:15:     grunt_enter_depths_snipers, layout_basic, palyth_stone_intersect,
          chequers_serial_rivers_large_b
Temple:   hellmonk_temple_two_chambers
Lair:1:   minmay_lair_oklob_tunnel, layout_cave_pods, grunt_megastairs_3,
          uniq_urug
Lair:2:   layout_misc_corridors, minmay_swamp_entry_eels,
          minmay_snake_entry_guardpost_small, nicolae_lair_lakeside_cave
Lair:3:   layout_small_grid, gammafunk_ghost_hive
Lair:4:   layout_misc_corridors, dpeg_slime_entry_enclosed,
          gauntlet_entry_generic, basic_altar, infiniplex_staircase_pool_2,
          lemuel_fruit_tree, serial_bayou_shore_a
Lair:5:   hellmonk_lair_end_abyssal_woods, layout_long_grid,
          bobbens_dragon_lair_wall, uniq_josephine
Swamp:1:  gammafunk_sealed_arena, layout_basic_swamp, nicolae_swamp_little_swirl
Swamp:2:  layout_basic_swamp, hangedman_swamp_blocks, uniq_mlioglotl
Swamp:3:  layout_basic_swamp, evilmike_swamp_ruin_house_3
Swamp:4:  swamp_basic_johnstein, layout_basic_swamp, swamp_pool2
Snake:1:  layout_rooms, serial_shops, shop, serial_bayou_shore_b, uniq_agnes,
          uniq_aizul
Snake:2:  layout_grid_shapes, uniq_asterion
Snake:3:  layout_onion, nicolae_stop_n_shop_2, grunt_megastairs_4,
          uniq_saint_roka
Snake:4:  hellmonk_snake_rune_quicksilver_temple, layout_misc_corridors,
          ebering_ghost_inner_flame, uniq_vashnia
Orc:1:    layout_diamond_mine, nicolae_orc_crystal_geode
Orc:2:    st_orc_pillars, layout_caves, mines2_david
Elf:1:    eino_elf_arrival_altar, layout_loops_ring, minmay_elf_annihilation,
          uniq_zenata
Elf:2:    elven_hall_of_blades_hangedman_alternative
          [nicolae_blade_entry_hurt_lockers], layout_gridlike,
          hellmonk_ghost_big_iron
Elf:3:    minmay_elf_hall_dome, layout_loops_ring, uniq_mara
Vaults:1: nicolae_vaults_angled_halls, st_quartered_hall,
          nicolae_vaults_hallways_thing, nicolae_vaults_prndl,
          hangedman_vaults_corner_blocks, vaults_room_large_hall,
          grunt_vaults_trifunnel, nicolae_vaults_layer_cake_slice,
          ontoclasm_vaults_bender, nicolae_vaults_little_squares_5,
          hangedman_vaults_locks, vaults_dpeg_ring, v_misc_15,
          hangedman_vaults_slice, nicolae_vaults_network_square,
          ontoclasm_vaults_loading_screen, layout_vaults_omnibox, serial_shops,
          shop
Vaults:2: ontoclasm_vaults_ring_small, v_misc_12, v_misc_2,
          hangedman_vaults_corner_blocks, vaults_room_semicircle,
          nicolae_vaults_prndl, layout_vaults_omnigrid
Vaults:3: mu_enter_wizlab_2, nicolae_vaults_angled_halls,
          nicolae_vaults_trapezoid_lopsided_2, nicolae_vaults_hexular_roomagon,
          nicolae_vaults_little_squares_5, nicolae_vaults_angled_halls,
          minmay_crypt_entry_simple_box, v_misc_18,
          nicolae_vaults_tetromino_L_1, nicolae_vaults_tetromino_Z_1,
          grunt_vaults_bifocal, hangedman_vaults_river_flow,
          vaults_standard_mumra_x, layout_vaults_maze_bifur
Vaults:4: grunt_vaults_hallway_short, vaults_dpeg_hooks,
          hangedman_vaults_stitches, nicolae_vaults_network_periphery,
          v_rooms_6, ontoclasm_vaults_tryst, nicolae_vaults_more_shelving_2,
          ontoclasm_vaults_ring_small, v_misc_22, vaults_room_fours,
          nicolae_vaults_apartment_1, st_lattice, layout_vaults_ring
Vaults:5
Depths:1: minmay_strange_plus, layout_honeycomb, serial_shops, shop,
          serial_bayou_pond_c, hell_entry, grunt_decor_fettered,
          minmay_serpent_palace, serial_bayou_shore_b
Depths:2: minmay_curly_fans, layout_cave_pools, enter_ziggurat_d,
          pf_hell_entry_tar_river, grunt_pan_entry_in_and_out,
          minmay_staircase_windowed_large
Depths:3: regret_index_dithmenos_brocken_genspenst, layout_cave_pools,
          infiniplex_staircase_river, abyss_entry_glasseish, hell_entry,
          reono_crystal_passage, uniq_jory
Depths:4: grunt_twist_and_shout, layout_honeycomb, old_standard_altar,
          serial_rivers, chequers_serial_rivers_small_a,
          chequers_serial_rivers_micro_d, chequers_serial_rivers_micro_c,
          chequers_serial_rivers_micro_b, chequers_serial_rivers_small_3,
          hell_entry, pdpol_wu_jian_five_deadly_venoms,
          infiniplex_staircase_pool_lava
Hell
Zot:1:    layout_misc_corridors
Zot:2:    layout_misc_corridors, grunt_megastairs_5
Zot:3:    gammafunk_the_bubble [the_bubble_gammafunk_grid], layout_basic,
          uniq_vv
Zot:4:    layout_twisted_circle, st_stairs_7
Zot:5:    layout_gridville, gammafunk_ghost_necromancy

Skill      XL: |  1  2  3  4  5  6  7  8  9 10 11 12 13 14 15 16 17 18 19 20 21 22 23 24 25 26 27 |
---------------+----------------------------------------------------------------------------------+-----
Fighting       | 4 5 6 7 10 12 13 14 16 18 19 20 21 22 23 24 25 26 27 | 27.0
Shields        | 4 5 9 12 14 15 17 18 19 21 22 | 22.0
Armour         | 4 5 9 10 12 13 15 17 18 19 21 22 23 24 25 26 | 26.4
Axes           | 3 4 5 7 9 11 13 14 18 | 18.5
Invocations    | 4 6 7 8 10 12 13 14 16 17 18 | 18.7
Dodging        | 6 9 11 13 15 16 17 18 19 20 21 22 23 | 23.3
Throwing       | 4 9 |  9.0

Action                     |  1- 3 |  4- 6 |  7- 9 | 10-12 | 13-15 | 16-18 | 19-21 | 22-24 | 25-27 || total
---------------------------+-------+-------+-------+-------+-------+-------+-------+-------+-------++-------
  Melee: War axe           |    80 |    88 |   242 |   180 |       |       |       |       |    30 ||   620
         Headbutt          |     4 |    19 |    32 |   128 |   176 |   403 |   260 |   436 |   362 ||  1820
         Broad axe         |       |       |       |   261 |   573 |  1354 |   897 |  1363 |  1054 ||  5502
         Demon whip        |       |       |       |       |    62 |    29 |       |       |       ||    91
         Demon trident     |       |       |       |       |       |    30 |       |       |       ||    30
  Throw: Javelin           |       |       |       |       |       |       |       |       |     4 ||     4
 Invoke: Heroism           |       |       |       |     6 |     1 |     5 |     2 |     4 |     6 ||    24
         Finesse           |       |       |       |     3 |     4 |     6 |     2 |     6 |    12 ||    33
         Duel              |       |       |       |       |       |       |     1 |       |     2 ||     3
    Use: Scroll            |       |     5 |     5 |    14 |    15 |     4 |     5 |     7 |    15 ||    70
         Potion            |       |       |     1 |     4 |     2 |     3 |     1 |     5 |    26 ||    42
   Stab: Distracted        |       |       |       |       |       |     1 |       |       |       ||     1
         Invisible         |       |       |       |       |       |       |       |       |     5 ||     5
 Armour: Plate armour      |    40 |    23 |   113 |   157 |    89 |       |       |       |       ||   422
         Crystal plate arm |       |       |       |    61 |   322 |   867 |   362 |   574 |   605 ||  2791
  Dodge: Dodged            |    37 |    49 |   150 |   116 |   213 |   666 |   327 |   618 |   569 ||  2745
  Block: Buckler           |    17 |    14 |    43 |    70 |    14 |       |       |       |       ||   158
         Kite shield       |       |       |       |       |   254 |   788 |   408 |   783 |   667 ||  2900
